 Seeded DCSS version 0.29.0-3-gbb0933ed62 (webtiles) character file.

Game seed: 17598034968886513020 (custom seed)

12572 NinjaNoafa the Skirmisher (level 12, 0/88 HPs)
             Began as a Formicid Hunter on Aug 25, 2022.
             Was a Believer of Ashenzari.
             Slain by a manticore (9 damage)
             ... on level 11 of the Dungeon.
             The game lasted 00:31:34 (10414 turns).

NinjaNoafa the Skirmisher (Formicid Hunter)        Turns: 10414, Time: 00:31:35

Health: 0/88       AC: 19    Str: 22    XL:     12   Next: 21%
Magic:  3/3        EV: 10    Int: 10    God:    Ashenzari [**....]
Gold:   621        SH: 21    Dex: 31    Spells: 11/11 levels left

rFire   . . .      SeeInvis +   r - +10 arbalest of the Ruined Burden {flame, rElec rN+ MP-9 Dex+3, Evo, Fort} (curse)
rCold   + . .      Faith    .   f - +1 kite shield
rNeg    + . .      Spirit   .   B - +0 plate armour
rPois   .          Reflect  +   (helmet unavailable)
rElec   +          Harm     .   K - +0 cloak
rCorr   .          Rampage  .   k - +2 pair of gloves
Will    +....      NoCast   +   (no boots)
Stlth   +.........              g - amulet of the Sibylline Regret {Reflect -Cast Dex+7 Slay+3 SH+5, Fort, Elem} (curse)
HPRegen 0.24/turn               a - ring of Ashenzari's Dismay {Str+6, Fort, Self} (curse)
MPRegen 0.08/turn               m - ring of protection from cold

@: no status effects
A: permanent stasis, dig shafts and tunnels, antennae 3, four strong arms
a: Dig, Shaft Self, Renounce Religion, Curse Item, Shatter the Chains


You were on level 11 of the Dungeon.
You worshipped Ashenzari.
Ashenzari was pleased with you.
You visited 2 branches of the dungeon, and saw 13 of its levels.

You collected 621 gold pieces.

Inventory:

Hand Weapons
 r - the cursed +10 arbalest of the Ruined Burden (weapon) {flame, rElec rN+ MP-9 Dex+3, Evo, Fort}
   (You found it on level 3 of the Dungeon)

   Any ammunition fired from it burns those it strikes, dealing additional fire
   damage.
   Dex:       It affects your dexterity (+3).
   rElec:     It insulates you from electricity.
   rN:        It protects you from negative energy.
   MP:        It affects your magic capacity (-9).
   It has a curse which improves the following skills: Evocations: Evocations.
   Fortitude: Armour and Shields.
Missiles
 d - 2 javelins
 e - 70 stones
 y - 4 throwing nets
 G - 13 boomerangs
Armour
 f - a +1 kite shield (worn)
 k - a +2 pair of gloves (worn)
 B - a +0 plate armour (worn)
 K - a +0 cloak (worn)
Jewellery
 a - the cursed ring of Ashenzari's Dismay (left hand) {Str+6, Fort, Self}
   (You found it on level 3 of the Dungeon)

   [ring of strength]

   Str:       It affects your strength (+6).
   It has a curse which improves the following skills: Fortitude: Armour and
   Shields.
   Introspection: Fighting and Spellcasting.
 c - a ring of ice
 g - the cursed amulet of the Sibylline Regret (around neck) {Reflect -Cast Dex+7 Slay+3 SH+5, Fort, Elem}
   (You acquired it on level 2 of the Dungeon)

   [amulet of reflection]

   It reflects blocked missile attacks.
   Dex:       It affects your dexterity (+7).
   Slay:      It affects your accuracy & damage with ranged weapons and melee
   (+3).
   -Cast:     It prevents spellcasting.
   SH:        It affects your SH (+5).
   It has a curse which improves the following skills: Fortitude: Armour and
   Shields.
   Elements:  Fire Magic, Ice Magic, Air Magic and Earth Magic.
 m - a ring of protection from cold (right hand)
 p - a ring of protection from fire
 w - a ring of resist corrosion
 H - a ring of positive energy
Wands
 n - a wand of iceblast (14)
 x - a wand of paralysis (13)
 I - a wand of flame (15)
Scrolls
 b - 3 scrolls of immolation
 h - 3 scrolls of silence
 i - 2 scrolls of butterflies
Potions
 j - 4 potions of curing
 l - 5 potions of brilliance
 o - a potion of resistance
 t - 2 potions of lignification
 u - 2 potions of berserk rage
 v - 2 potions of attraction
 z - a potion of might
 A - 4 potions of flight
 D - a potion of haste
 E - 3 potions of cancellation
 F - 3 potions of degeneration
 J - a potion of magic


   Skills:
 - Level 5.0(6.2) Fighting
 + Level 12.3 Ranged Weapons
 - Level 7.6(10.2) Armour
 - Level 5.0 Dodging
 - Level 9.0 Stealth
 - Level 7.6(10.2) Shields
 - Level 7.1(8.4) Evocations


You had 11 spell levels left.
You didn't know any spells.
Your spell library contained the following spells:

 Spells                   Type           Power      Damage    Failure   Level
 Magic Dart               Conj           0%         1d3       100%        1
 Scorch                   Fire           0%         2d5       100%        2
 Searing Ray              Conj           0%         2d4       100%        2
 Confusing Touch          Hex            0%         N/A       100%        3
 Portal Projectile        Hex/Tloc       0%         N/A       100%        3
 Tukima's Dance           Hex            0%         N/A       100%        3
 Flame Wave               Conj/Fire      0%         2d4       100%        4
 Fulminant Prism          Conj/Hex       0%         3d6       100%        4
 Passage of Golubria      Tloc           0%         N/A       100%        4
 Blade Hands              Tmut           0%         N/A       100%        5
 Yara's Violent Unravell  Hex/Tmut       0%         3d3       100%        5
 Summon Cactus Giant      Summ           0%         N/A       100%        6
 Enfeeble                 Hex            0%         N/A       100%        7


Dungeon Overview and Level Annotations

Branches:
Dungeon (12/15)            Temple (1/1) D:7             Orc (0/2) D:12
   Lair: D:8-11

Altars:
Ashenzari
Cheibriados
Dithmenos
Fedhas
Hepliaklqana
Kikubaaqudgha
Makhleb
Nemelex Xobeh
Okawaru
Qazlal
Ru
Trog
Uskayaw
Vehumet
Wu Jian
Xom
Yredelemnul
Zin
The Shining One

Shops:
D:2 :   D:4 ?   D:11 [


Innate Abilities, Weirdness & Mutations

You cannot be hasted, slowed, berserked, paralysed or teleported.
You can dig through walls and to a lower floor.
You have a pair of large antennae on your head. (SInv)
Your four strong arms can wield two-handed weapons with a shield.


Message History

The two-headed ogre hits you with a +0 giant club.
You block the two-headed ogre's attack. The orc closely misses you.
The orc hits you but does no damage. x2
The troll bites you but does no damage. The troll claws you but does no damage.
You block the troll's attack. The manticore bites you!
* * * LOW HITPOINT WARNING * * *
The manticore claws you but does no damage. x2
Okay, then.
Okay, then.
You are confused.
You feel invigorated. The orc hits you but does no damage. x2
The two-headed ogre hits you but does no damage.
The two-headed ogre hits you with a +0 giant club!
* * * LOW HITPOINT WARNING * * *
The orc hits you but does no damage. The manticore bites you.
* * * LOW HITPOINT WARNING * * *
The manticore closely misses you.
The manticore claws you but does no damage.
The troll bites you but does no damage. The troll barely misses you. x2
Okay, then.
Okay, then.
You feel better.
You feel less invigorated. The orc hits you but does no damage.
You block the manticore's attack.
The manticore claws you but does no damage.
You block the manticore's attack. You block the orc's attack.
The orc hits you but does no damage. The troll closely misses you.
The troll claws you but does no damage. x2
Are you sure you want to shaft yourself?
You block the two-headed ogre's attack. x2; You block the orc's attack.
The orc hits you but does no damage. The orc barely misses you.
The troll barely misses you. The troll claws you but does no damage.
The troll claws you.
* * * LOW HITPOINT WARNING * * *
The manticore closely misses you. You block the manticore's attack.
The manticore claws you.
* * * LOW HITPOINT WARNING * * *
You begin to dig a shaft.
You continue digging a shaft.
You block the orc's attack. x2; The orc closely misses you.
You block the two-headed ogre's attack. x2; The manticore bites you!
You die...

**,,,,,,,,,*
*#...,,,,,,,**
*#....,,,,,,,,*
*#.....,,,,,,,,,
*#......,,,,,,,,,
##.......,∩,,,,,,,
##Y.......,,,,,,,,,
##oHo......,,,,,,,,,
##..@To)....,,,,,,,,,
##...oO..∩...***,,,,,,
*#>.......:..#*
**,,,,, #>...........#
*,,,,, ##>..........#*
**,,,,,
##...........***,,,,,,
##..........,,,,,,,,,
##.........,,,,,,,,,
*#......,,,,,,,,,,,


You could see a two-headed ogre, a manticore, a troll, an ice beast and 4 orcs.

Vanquished Creatures
  A hydra (D:12)
  A spectral centaur (D:12)
  A centaur zombie (D:12)
  A gargoyle (D:9)
  2 centaur skeletons (D:12)
  Psyche (D:10)
  2 unseen horrors (D:12)
  The ghost of turdburglar the Trooper, a novice VSFi (D:5)
  2 trolls
  A hornet (D:9)
  Prince Ribbit (D:6)
  A tarantella (shapeshifter) (D:12)
  A meliai zombie (D:12)
  The ghost of RascalDebosk the Grave Robber, an amateur DENe (D:4)
  2 wraiths
  4 shadows
  2 wyverns (D:9)
  2 steam dragons
  Menkaure (D:6)
  3 vampire mosquitoes (D:12)
  Edmund (D:5)
  An acid dragon (D:9)
  A water moccasin (D:8)
  3 black bears
  8 orc warriors
  A sky beast (D:8)
  4 ogres
  2 centaurs
  3 elf zombies (D:8)
  2 bullfrogs (D:7)
  A gnoll sergeant (D:5)
  A necrophage (D:5)
  3 scorpions
  3 elf skeletons (D:8)
  13 wights
  15 killer bees
  7 howler monkeys
  2 jellies
  5 crimson imps (D:8)
  5 hounds
  A human zombie (D:8)
  15 orc priests
  3 gnoll boudas
  A human skeleton (D:8)
  Jessica (D:3)
  2 iguanas
  8 orc wizards
  26 gnolls
  4 adders
  A shadow imp (D:7)
  6 white imps
  An ufetubus (D:7)
  2 worms
  2 dart slugs
  34 orcs
  9 endoplasms
  3 giant cockroaches (D:1)
  6 goblins
  3 hobgoblins
  7 jackals
  7 quokkas
  9 ball pythons
  4 bats
  2 frilled lizards
  6 kobolds
  2 orc skeletons (D:8)
  An orc zombie (D:8)
  6 rats
284 creatures vanquished.

Vanquished Creatures (others)
  2 killer bees (D:10)
  A quokka (D:3)
  A goblin zombie (D:3)
4 creatures vanquished.

Grand Total: 288 creatures vanquished

Notes
Turn   | Place    | Note
-------+----------+-------------------------------------------
     0 | D:1      | NinjaNoafa the Formicid Hunter began the quest for the Orb.
     0 | D:1      | Reached XP level 1. HP: 16/16 MP: 1/1
    52 | D:1      | Found a faded altar of an unknown god.
   699 | D:1      | Reached XP level 2. HP: 20/20 MP: 2/2
   954 | D:1      | Reached XP level 3. HP: 27/29 MP: 3/3
  1640 | D:2      | Reached skill level 5 in Ranged Weapons
  1640 | D:2      | Reached XP level 4. HP: 35/35 MP: 4/4
  1703 | D:2      | Reached skill level 1 in Shields
  1875 | D:2      | Found Motrib's Book Emporium.
  2022 | D:2      | Identified a scroll of acquirement
  2022 | D:2      | Acquired the amulet "Pableug" {Reflect -Cast Dex+7 Slay+3
                  | SH+5}
  2452 | D:3      | Noticed a human
  2453 | D:3      | Found a runed translucent door.
  2455 | D:3      | Found a basalt altar of Yredelemnul.
  2465 | D:3      | Identified the +10 arbalest "Ohapux" {flame, rElec rN+ MP-9
                  | Dex+3}
  2567 | D:3      | Noticed Jessica
  2569 | D:3      | Killed Jessica
  2570 | D:3      | Reached XP level 5. HP: 38/41 MP: 0/5
  3337 | D:4      | Noticed a black bear
  3339 | D:4      | Killed a black bear
  3340 | D:4      | Reached XP level 6. HP: 47/47 MP: 0/6
  3571 | D:4      | Reached XP level 7. HP: 30/52 MP: 0/7
  3829 | D:4      | Found a runed translucent door.
  3844 | D:4      | Noticed RascalDebosk's ghost (amateur DENe)
  3936 | D:4      | Reached skill level 5 in Shields
  3936 | D:4      | Found Widasiss's Magic Scroll Shop.
  4424 | D:4      | Killed RascalDebosk's ghost
  4425 | D:4      | Reached skill level 5 in Armour
  4425 | D:4      | Reached XP level 8. HP: 55/58 MP: 0/8
  4465 | D:5      | Entered Level 5 of the Dungeon
  4490 | D:5      | Reached skill level 6 in Ranged Weapons
  4595 | D:5      | Found a shimmering altar of Xom.
  4598 | D:5      | Found a shimmering altar of Xom.
  4599 | D:5      | Found a shimmering altar of Xom.
  4621 | D:5      | Noticed Edmund
  4627 | D:5      | Killed Edmund
  4628 | D:5      | Reached skill level 7 in Ranged Weapons
  4652 | D:5      | Reached skill level 5 in Stealth
  4838 | D:5      | Reached XP level 9. HP: 63/63 MP: 0/9
  5158 | D:5      | Found a runed translucent gate.
  5160 | D:5      | Found a runed translucent gate.
  5161 | D:5      | Found a runed translucent gate.
  5162 | D:5      | Noticed turdburglar's ghost (novice VSFi)
  5174 | D:5      | Killed turdburglar's ghost
  5276 | D:6      | Found a radiant altar of Vehumet.
  5448 | D:6      | Noticed Prince Ribbit
  5449 | D:6      | Killed Prince Ribbit
  5649 | D:6      | Noticed Menkaure
  5653 | D:6      | Killed Menkaure
  5957 | D:7      | Reached skill level 8 in Ranged Weapons
  5968 | D:7      | Reached XP level 10. HP: 70/70 MP: 1/10
  5993 | D:7      | Found a staircase to the Ecumenical Temple.
  6004 | D:7      | Identified the amulet "Hatroisi" {Acrobat rElec Int+4}
  6028 | Temple   | Entered the Ecumenical Temple
  6135 | Temple   | Became a worshipper of Ashenzari the Shackled
  6193 | D:7      | Reached skill level 9 in Ranged Weapons
  6820 | D:8      | Reached skill level 10 in Ranged Weapons
  7554 | D:8      | Reached skill level 5 in Dodging
  7805 | D:8      | Reached * piety under Ashenzari
  8105 | D:9      | Reached XP level 11. HP: 75/75 MP: 2/11
  8308 | D:9      | Reached skill level 11 in Ranged Weapons
  8308 | D:9      | Reached skill level 1 in Evocations
  9004 | D:10     | Entered Level 10 of the Dungeon
  9074 | D:10     | Reached skill level 5 in Evocations
  9107 | D:10     | Noticed Psyche
  9109 | D:10     | Noticed a two-headed ogre
  9116 | D:10     | Killed Psyche
  9129 | D:10     | You fall into a shaft and drop 2 floors!
  9449 | D:12     | Noticed a seven-headed hydra
  9458 | D:12     | Killed a seven-headed hydra
  9686 | D:12     | Reached skill level 5 in Fighting
  9755 | D:12     | Reached XP level 12. HP: 65/86 MP: 3/12
  9986 | D:12     | Reached skill level 12 in Ranged Weapons
 10061 | D:12     | Reached ** piety under Ashenzari
 10318 | D:12     | Found a staircase to the Orcish Mines.
 10395 | D:11     | Found Ympujo's Armour Emporium.
 10403 | D:11     | Noticed a two-headed ogre
 10414 | D:11     | Slain by a manticore

Illustrated notes

Levels and vault maps discovered:
D:1:      roderic_dead_forest, layout_rooms, chequers_ecumenical_altar_island,
          grunt_decor_fettered
D:2:      layout_basic, serial_shops, shop, minmay_pentomino_pile
D:3:      layout_loops_ring, dk_yredelemnul_ordeal, uniq_jessica
D:4:      layout_loops_corners, hellmonk_ghost_happy_afterlife, serial_shops,
          shop, kennysheep_big_empty_room
D:5:      layout_loops_ring, xom_redecorated, ebering_ghost_rock_garden,
          uniq_edmund
D:6:      layout_loops_ring, fiery_altar_vehumet, corexii_corridor_pit,
          uniq_menkaure, uniq_prince_ribbit1
D:7:      layout_loops_cross, minmay_temple_entry_wispy
D:8:      layout_rooms, nicolae_ossuary_entry_catacombs,
          serial_co_window_serial, co_window_corner_a,
          co_window_of_opportunity_a, co_window_paths_a, co_window_corner_a,
          co_window_paths_a, co_window_corner_a, co_window_paths_a,
          co_window_broadway_a, co_window_broadway_b, co_window_corner_ca,
          co_window_broadway_c, co_window_paths_e, glass_columns_b,
          glass_columns_b, glass_columns_c, glass_columns_a, glass_columns_a,
          minmay_nine_imps
D:9:      layout_cave_pods, patterned_corridor
D:10:     layout_rooms, chequers_temple_overflow_statue_of_worship,
          lair_entry_dummy, nicolae_trove_entry_diagonal, serial_shops, shop,
          uniq_psyche
D:11:     layout_big_octagon, serial_shops, shop, serial_ice, serial_ice_o,
          serial_ice_a, serial_ice_n, serial_ice_l, serial_ice_g, serial_ice_f,
          serial_ice_c, portal_ice_cave_entry_imps
D:12:     layout_cave_pools, erik_orc_2, hangedman_weighted_door
Temple:   kb_temple_of_zot

Skill      XL: |  1  2  3  4  5  6  7  8  9 10 11 12 |
---------------+-------------------------------------+-----
Fighting       | 3 5 |  5.0
Ranged Weapons | 5 7 8 10 11 12 | 12.3
Dodging        | 2 3 5 |  5.0
Shields        | 2 3 5 7 |  7.6
Stealth        | 2 3 6 7 9 |  9.0
Armour         | 2 3 5 7 |  7.6
Evocations     | 7 |  7.1

Action                   |  1- 3 |  4- 6 |  7- 9 | 10-12 || total
-------------------------+-------+-------+-------+-------++-------
 Fire: Shortbow          |    64 |    41 |       |       ||   105
       Arbalest          |       |   158 |   113 |   267 ||   538
Invok: Curse Item        |       |       |       |     3 ||     3
 Abil: Dig               |     7 |     4 |     3 |     3 ||    17
       Shaft Self        |       |       |       |     2 ||     2
Evoke: Wand              |       |       |       |     5 ||     5
  Use: Scroll            |     4 |     1 |     6 |     7 ||    18
       Potion            |       |     1 |       |     6 ||     7
Armor: Leather armour    |     5 |     4 |       |       ||     9
       Chain mail        |       |     1 |    16 |     2 ||    19
       Plate armour      |       |       |       |   153 ||   153
Dodge: Dodged            |    10 |    11 |    18 |   104 ||   143
Block: Kite shield       |     1 |    11 |    46 |   286 ||   344
       Reflection        |       |       |       |     9 ||     9
